 Dungeon Crawl Stone Soup version 0.31.0-9-g3a7656b989 (webtiles) character file.

Game seed: 18073497827814578285

918 Peloso the Slasher (level 7, -1/61 HPs)
             Began as a Minotaur Fighter on Feb 1, 2024.
             Was a Follower of Okawaru.
             Slain by a gnoll sergeant
             ... wielding a +0 trident
              (8 damage)
             ... on level 5 of the Dungeon.
             The game lasted 00:09:18 (5013 turns).

Peloso the Slasher (Minotaur Fighter)               Turns: 5013, Time: 00:09:18

Health: -1/61      AC: 14    Str: 21    XL:     7   Next: 83%
Magic:  6/6        EV:  9    Int:  5    God:    Okawaru [*.....]
Gold:   263        SH:  9    Dex: 11    Spells: 6/6 levels left

rFire   . . .        a - +0 long sword
rCold   . . .        d - +0 kite shield
rNeg    . . .        b - +0 scale mail
rPois   .            (helmet restricted)
rElec   .            (no cloak)
rCorr   .            c - +1 pair of gloves
SInv    .            (no boots)
Will    .....        (no amulet) Stlth
                     l - +4 ring of protection
HPRegen 0.30/turn    (no ring)
MPRegen 0.10/turn

%: no passive effects
@: no status effects
A: horns 2, retaliatory headbutt
a: Renounce Religion, Heroism


You were on level 5 of the Dungeon.
You worshipped Okawaru.
Okawaru was aware of your devotion.
You visited 2 branches of the dungeon, and saw 7 of its levels.

You collected 263 gold pieces.

Inventory:

Hand Weapons
 a - a +0 long sword (weapon)
Armour
 b - a +0 scale mail (worn)
 c - a +1 pair of gloves (worn)
 d - a +0 kite shield (worn)
Jewellery
 l - a +4 ring of protection (left hand)
Scrolls
 e - 3 scrolls of identify
 g - a scroll of blinking
 h - 4 scrolls of immolation
 i - 2 scrolls of teleportation
 j - a scroll of poison
Potions
 f - 3 potions of might
 k - a potion of invisibility
 m - a potion of mutation


   Skills:
 + Level 5.2 Fighting
 + Level 6.9 Long Blades
 + Level 6.4 Armour
 + Level 2.7 Dodging
 + Level 0.4 Stealth
 + Level 5.5 Shields


You had 6 spell levels left.
You didn't know any spells.
Your spell library contained the following spells:

 Spells                   Type           Power      Damage    Failure   Level
 Blink                    Tloc           0%         N/A       99%         2
 Ensorcelled Hibernation  Hex/Ice        0%         N/A       99%         2
 Jinxbite                 Hex            0%         N/A       99%         2
 Lesser Beckoning         Tloc           0%         N/A       99%         2
 Momentum Strike          Conj/Tloc      0%         3d8       99%         2
 Sublimation of Blood     Necr           0%         N/A       99%         2
 Fugue of the Fallen      Necr           0%         N/A       100%        3
 Passwall                 Erth           0%         N/A       100%        3
 Swiftness                Air            0%         N/A       100%        3
 Anguish                  Hex/Necr       0%         N/A       100%        4
 Petrify                  Alch/Erth      0%         N/A       100%        4
 Irradiate                Conj/Alch      0%         3d11      100%        5
 Yara's Violent Unravell  Hex/Alch       0%         3d3       100%        5
 Enfeeble                 Hex            0%         N/A       100%        7


Dungeon Overview and Level Annotations

Branches:
Dungeon (6/15)             Temple (1/1) D:4

Altars:
Cheibriados
Dithmenos
Elyvilon
Fedhas
Gozag
Hepliaklqana
Kikubaaqudgha
Makhleb
Okawaru
Sif Muna
Trog
Uskayaw
Vehumet
Wu Jian
Xom
Yredelemnul
Zin
The Shining One


Innate Abilities, Weirdness & Mutations

You have a pair of horns on your head.
You reflexively headbutt those who attack you in melee.


Message History

You see here a +0 spear.
You block the gnoll sergeant's attack.
You see here a +0 spear.
You closely miss the gnoll sergeant. You headbutt the gnoll sergeant!
The gnoll sergeant is heavily wounded.
The gnoll sergeant hits you but does no damage.
You barely miss the gnoll sergeant. You headbutt the gnoll sergeant.
The gnoll sergeant is severely wounded.
You block the gnoll sergeant's attack.
The gnoll sergeant hits you with a +0 trident.
You hit the gnoll sergeant but do no damage.
The gnoll sergeant is severely wounded.
The gnoll sergeant hits you with a +0 trident.
* * * LOW HITPOINT WARNING * * *
You barely miss the gnoll sergeant.
The gnoll sergeant is severely wounded.
You block the gnoll sergeant's attack.
You barely miss the gnoll sergeant.
Your headbutt misses the gnoll sergeant.
The gnoll sergeant is severely wounded.
The gnoll sergeant hits you with a +0 trident!
* * * LOW HITPOINT WARNING * * *
You barely miss the gnoll sergeant.
The gnoll sergeant is severely wounded.
You block the gnoll sergeant's attack.
You hit the gnoll sergeant.
Your headbutt misses the gnoll sergeant.
The gnoll sergeant is severely wounded.
The gnoll sergeant hits you but does no damage.
You hit the gnoll sergeant but do no damage.
The gnoll sergeant is severely wounded.
The gnoll sergeant hits you with a +0 trident.
* * * LOW HITPOINT WARNING * * *
You barely miss the gnoll sergeant.
The gnoll sergeant is severely wounded.
The gnoll sergeant barely misses you. You block the gnoll sergeant's attack.
You hit the gnoll sergeant but do no damage.
The gnoll sergeant is severely wounded.
The gnoll sergeant hits you with a +0 trident!
You die...

.........####.###...............#
..........# #..##...............#
....#.....###.###..............##
....#....###...........%......##.
#(.........#...####..............
.............#...#....#..##.##...
.............###......##....##...
..#.##.........#......##....#...#
.##.............@.#..#####.......
................g###.###......:..
†...#....................<.......
...###...........)...###.........
...####...............#..#.......
.###.##.............%....#.......
## #.....<............#....).....
####.##..........###..#...#....##
..##....#........##.)##..##......


You could see a gnoll sergeant.

Vanquished Creatures
  2 ogres
  A howler monkey (D:4)
  A bombardier beetle (D:4)
  3 hounds
  An orc priest (D:3)
  A sleepcap (D:5)
  A jelly (D:5)
  8 iguanas
  2 orc wizards
  Natasha (thrice) (D:4)
  3 gnolls (D:5)
  5 adders
  2 ufetubi (D:5)
  6 dart slugs
  7 orcs
  7 ball pythons
  3 endoplasms
  4 giant cockroaches
  8 goblins
  9 hobgoblins
  7 jackals
  4 kobolds
  2 quokkas
  2 bats
  2 frilled lizards
  4 rats
98 creatures vanquished.

Notes
Turn   | Place    | Note
-------+----------+-------------------------------------------
     0 | D:1      | Peloso the Minotaur Fighter began the quest for the Orb.
     0 | D:1      | Reached XP level 1. HP: 19/19 MP: 0/0
   176 | D:1      | Reached XP level 2. HP: 27/27 MP: 1/1
   443 | D:1      | Reached XP level 3. HP: 33/33 MP: 2/2
  1173 | D:2      | Reached skill level 1 in Dodging
  1519 | D:3      | Reached XP level 4. HP: 38/40 MP: 3/3
  2184 | D:4      | Reached XP level 5. HP: 43/46 MP: 4/4
  2386 | D:4      | Reached skill level 5 in Armour
  2456 | D:4      | Noticed an ogre
  2498 | D:4      | Reached XP level 6. HP: 49/53 MP: 5/5
  2535 | D:4      | Found a staircase to the Ecumenical Temple.
  2544 | Temple   | Entered the Ecumenical Temple
  2576 | Temple   | Became a worshipper of Warmaster Okawaru
  2627 | D:4      | Reached skill level 5 in Long Blades
  2743 | D:5      | Entered Level 5 of the Dungeon
  2899 | D:5      | Reached skill level 5 in Shields
  3007 | D:5      | Reached XP level 7. HP: 60/60 MP: 6/6
  3510 | D:4      | Noticed Natasha
  3515 | D:4      | Killed Natasha
  3719 | D:4      | Reached skill level 5 in Fighting
  3799 | D:4      | Noticed Natasha
  3807 | D:4      | Killed Natasha
  3807 | D:4      | Reached * piety under Okawaru
  3866 | D:4      | Noticed Natasha
  3879 | D:4      | Killed Natasha
  4239 | D:5      | Found a glowing golden altar of the Shining One.
  4271 | D:5      | HP: 3/61 [ufetubus (3)]
  4817 | D:5      | Found an opulent altar of Gozag.
  5013 | D:5      | Slain by a gnoll sergeant

Illustrated notes

Levels and vault maps discovered:
D:1:      tarquinn_simple_flora_water_a, layout_basic, serial_bayou_lake_a
D:2:      layout_loops_cross
D:3:      layout_loops_ring
D:4:      layout_layer_cave, minmay_temple_entry_butterflies,
          minmay_misc_feat_five, grunt_ministairs_13, uniq_natasha
D:5:      layout_cave_pools, lemuel_doored_altar, nicolae_gozag_seed_capital
D:6:      cheibrodos_steamvent, layout_cave_pods, uniq_blork_the_orc
Temple:   kb_temple_of_zot

Skill      XL: |  1  2  3  4  5  6  7 |
---------------+----------------------+-----
Shields        | 4 5 |  5.5
Armour         | 4 5 6 |  6.4
Fighting       | 4 5 |  5.2
Long Blades    | 3 4 5 6 |  6.9
Dodging        | 1 2 |  2.7
Stealth        | |  0.4

Action                     |  1- 3 |  4- 6 |  7- 9 || total
---------------------------+-------+-------+-------++-------
  Melee: Long sword        |   101 |   111 |    81 ||   293
         Headbutt          |    12 |    26 |    16 ||    54
 Invoke: Heroism           |       |       |     1 ||     1
    Use: Scroll            |     3 |     1 |     4 ||     8
         Potion            |     2 |       |     1 ||     3
 Armour: Scale mail        |    93 |    96 |    79 ||   268
  Dodge: Dodged            |    64 |    64 |    50 ||   178
  Block: Buckler           |    21 |    42 |       ||    63
         Kite shield       |       |       |    71 ||    71
